 Dungeon Crawl Stone Soup version 0.27.0-65-ge2af304b15 (webtiles) character file.

Game seed: 13212578930928818331

9776 robertstho the Grappler (level 11, -10/94 HPs)
             Began as a Ghoul Monk on Aug 18, 2021.
             Was a High Priest of Okawaru.
             Mangled by a two-headed ogre (19 damage)
             ... on level 2 of the Orcish Mines.
             The game lasted 00:13:32 (12527 turns).

robertstho the Grappler (Ghoul Monk)               Turns: 12527, Time: 00:13:33

Health: -10/94     AC: 19    Str: 25    XL:     11   Next: 51%
Magic:  0/14       EV:  7    Int:  5    God:    Okawaru [*****.]
Gold:   1020       SH:  9    Dex: 11    Spells: 10/10 levels left

rFire    . . .     SeeInvis .     - Unarmed
rCold    + . .     Faith    .   r - +0 kite shield
rNeg     + + +     Spirit   +   v - +1 chain mail of Elitism {Str+6}
rPois    ∞         Reflect  .   j - +2 helmet
rElec    .         Harm     .   (no cloak)
rCorr    .         Rampage  .   F - +1 pair of gloves {Stlth+}
Will     .....                  x - +0 pair of boots
Stlth    ++........             d - amulet of guardian spirit
HPRegen  0.00/turn              (no ring)
MPRegen  0.14/turn              (no ring)

@: inhibited regen
A: claws 1, cold resistance 1, negative energy resistance 3, inhibited
regeneration, torment resistance 2
a: Renounce Religion, Heroism, Finesse


You were on level 2 of the Orcish Mines.
You worshipped Okawaru.
Okawaru was extremely pleased with you.
You visited 2 branches of the dungeon, and saw 12 of its levels.

You collected 1192 gold pieces.
You spent 172 gold pieces at shops.

Inventory:

Armour
 j - a +2 helmet (worn)
 m - a +0 plate armour
 n - a +3 scale mail of cold resistance
 r - a +0 kite shield (worn)
 v - the +1 chain mail of Elitism (worn) {Str+6}
   (You found it on level 7 of the Dungeon)

   Str:       It affects your strength (+6).
 x - a +0 pair of boots (worn)
 F - a +1 pair of gloves of stealth (worn)
Jewellery
 d - an amulet of guardian spirit (around neck)
 B - a ring of wizardry
 D - a ring of fire
Wands
 q - a wand of iceblast (5)
 s - a wand of paralysis (7)
 C - a wand of digging (1)
 H - a wand of polymorph (7)
Scrolls
 b - 2 scrolls of magic mapping
 p - a scroll of vulnerability
 u - 2 scrolls of fog {unknown}
 w - 2 scrolls of enchant armour {unknown}
 y - a scroll of immolation {unknown}
 z - a scroll of holy word
 G - a scroll of identify
Potions
 c - 3 potions of brilliance
 f - 2 potions of lignification {unknown}
 g - a potion of berserk rage {unknown}
 h - 2 potions of heal wounds {unknown}
 k - 2 potions of cancellation {unknown}
 l - a potion of flight {unknown}
 o - a potion of ambrosia
 t - 2 potions of resistance


   Skills:
 * Level 8.0 Fighting
 * Level 8.6 Armour
 + Level 4.6 Dodging
 * Level 8.0 Stealth
 + Level 3.2 Shields
 + Level 10.2 Unarmed Combat
 * Level 6.1 Invocations
 + Level 0.1 Evocations


You had 10 spell levels left.
You didn't know any spells.
Your spell library contained the following spells:

 Spells                   Type           Power      Damage    Failure   Level
 Apportation              Tloc           0%         N/A       100%        1
 Summon Small Mammal      Summ           0%         N/A       100%        1
 Slow                     Hex            0%         N/A       100%        2
 Static Discharge         Conj/Air       0%         N/A       100%        2
 Call Canine Familiar     Summ           0%         N/A       100%        3
 Confusing Touch          Hex            0%         N/A       100%        3
 Gell's Gravitas          Tloc           0%         N/A       100%        3
 Inner Flame              Hex/Fire       0%         N/A       100%        3
 Lesser Beckoning         Tloc           0%         N/A       100%        3
 Ozocubu's Armour         Ice            0%         N/A       100%        3
 Summon Guardian Golem    Hex/Summ       0%         N/A       100%        3
 Teleport Other           Tloc           0%         N/A       100%        3
 Vampiric Draining        Necr           0%         2d6       100%        3
 Cause Fear               Hex            0%         N/A       100%        4
 Petrify                  Tmut/Erth      0%         N/A       100%        4
 Alistair's Intoxication  Tmut/Pois      0%         N/A       100%        5
 Irradiate                Conj/Tmut      0%         3d13      100%        5
 Lightning Bolt           Conj/Air       0%         1d11      100%        5
 Metabolic Englaciation   Hex/Ice        0%         N/A       100%        5
 Invisibility             Hex            0%         N/A       100%        6
 Simulacrum               Ice/Necr       0%         N/A       100%        6
 Discord                  Hex            0%         N/A       100%        8
 Maxwell's Capacitive Co  Air            0%         ∞         100%        8
 Sublimation of Blood     Necr           Unusable   N/A       N/A         2

Dungeon Overview and Level Annotations

Branches:
Dungeon (10/15)            Temple (0/1) D:5             Orc (2/2) D:9
    Elf (0/3) Orc:2
   Lair: D:8-11

Altars:
Ashenzari
Cheibriados
Dithmenos
Elyvilon
Makhleb
Nemelex Xobeh
Okawaru
Sif Muna
Uskayaw
Xom
Yredelemnul
Zin
Beogh

Shops:
D:4 (**

Annotations:
D:5 2 transporters, WaxSun's ghost, novice OgFE
Orc:1 1 transporter


Innate Abilities, Weirdness & Mutations

You thrive by killing the living.
You are immune to poison.
You have sharp fingernails.
Your flesh is cold resistant. (rC+)
You are immune to negative energy. (rN+++)
You do not regenerate when monsters are visible.
You are immune to unholy pain and torment.


Message History

Cornered, the ogre turns to fight!
Cornered, the two-headed ogre turns to fight!
Cornered, the ogre turns to fight!
As you read the scroll of teleportation, it crumbles to dust.
You feel strangely unstable.
The two-headed ogre hits you with a +0 giant club!
* * * LOW HITPOINT WARNING * * *
The two-headed ogre hits you but does no damage.
The ogre seems to regain its courage.
Your surroundings suddenly seem different.
A two-headed ogre comes into view.
It is wielding a +0 giant club and a +0 giant spiked club.
An ogre mage comes into view. It is wielding a +0 halberd.
The ogre mage shouts!
You hear a shout! x2
The ogre mage casts a spell.
The ogre mage flickers and vanishes!
You hear a shout! x2
You feel better. You block the two-headed ogre's attack.
The two-headed ogre hits you but does no damage.
As you read the scroll of teleportation, it crumbles to dust.
You feel strangely unstable. The two-headed ogre misses you.
The two-headed ogre hits you with a +0 giant spiked club!
* * * LOW HITPOINT WARNING * * *
Something tries to affect you, but you resist.
Your surroundings suddenly seem different.
Okay, then.
Aiming: Dig
Press: ? - help, Shift-Dir - straight line A rock wall.
The rock shatters into small pieces.
Unknown command.
You hear some strange, mumbled words.
The ogre seems to speed up.
The two-headed ogre hits you with a +0 giant club.
* * * LOW HITPOINT WARNING * * *
The two-headed ogre barely misses you.
You hear some strange, mumbled words.
The two-headed ogre seems to speed up.
The ogre barely misses you.
You feel a little less mighty now.
The two-headed ogre hits you with a +0 giant club!!
You die...

########## #... ##.##.....# #
##... #...##...####.## ##....
#........#....<# #.....
##.#..........# ####.....
###...........##########........
##...............................
#.........#..<..OO#.OO.#.........
..........##...O@O.....#.........
.........###........#............
........###......................
.........###...........))........
.................#.##...)...>.#..
#...............#####..))....#...
##..)..........## ##..#O..O....
##.............# #..O........
##...........## ##..OO......


You could see 2 two-headed ogres and 4 ogres.

Vanquished Creatures
  4 two-headed ogres
  Pikel (D:6)
  A troll (D:9)
  A hornet (D:8)
  Sigmund (D:2)
  2 wyverns
  Edmund (D:4)
  A warg (Orc:1)
  4 vampire mosquitoes (D:7)
  3 water moccasins
  9 orc warriors
  A sky beast (D:7)
  3 black bears
  An ice beast (D:6)
  2 necrophages
  10 ogres
  A centaur (D:8)
  A phantom (D:7)
  2 bullfrogs
  2 gnoll sergeants
  A scorpion (D:6)
  4 killer bees (D:9)
  10 wights
  2 howler monkeys
  A bullfrog zombie (D:7)
  3 centaur zombies
  3 hounds
  9 orc priests
  6 iguanas
  A centaur skeleton (D:6)
  Terence (D:3)
  19 orc wizards
  12 gnolls
  10 adders
  A worm (D:3)
  2 dart slugs
  49 orcs
  10 ball pythons
  5 endoplasms
  A giant cockroach (D:3)
  4 goblins
  7 hobgoblins
  2 jackals (D:2)
  9 kobolds
  4 quokkas (D:1)
  4 bats
  3 frilled lizards
  2 rats (D:3)
236 creatures vanquished.

Notes
Turn   | Place    | Note
-------+----------+-------------------------------------------
     0 | D:1      | robertstho the Ghoul Monk began the quest for the Orb.
     0 | D:1      | Reached XP level 1. HP: 19/19 MP: 0/0
   242 | D:1      | Reached XP level 2. HP: 21/26 MP: 1/1
   465 | D:1      | Found a faded altar of an unknown god.
  1014 | D:2      | Reached XP level 3. HP: 29/31 MP: 0/2
  1136 | D:2      | Noticed Sigmund
  1314 | D:2      | Found an iron altar of Okawaru.
  1322 | D:2      | Became a worshipper of Warmaster Okawaru
  1322 | D:2      | Reached * piety under Okawaru
  1322 | D:2      | Reached ** piety under Okawaru
  1408 | D:3      | Reached skill level 1 in Armour
  1408 | D:3      | Reached skill level 4 in Unarmed Combat
  1408 | D:3      | Reached XP level 4. HP: 36/40 MP: 0/3
  1482 | D:3      | Reached XP level 5. HP: 46/46 MP: 4/4
  1681 | D:3      | Reached skill level 1 in Invocations
  2384 | D:2      | Killed Sigmund
  2385 | D:2      | Reached skill level 5 in Unarmed Combat
  2385 | D:2      | Reached XP level 6. HP: 24/52 MP: 0/6
  3090 | D:3      | Noticed Terence
  3099 | D:3      | Killed Terence
  3473 | D:4      | Found Poajiu's Weapon Shop.
  3476 | D:4      | Noticed a black bear
  3490 | D:4      | Killed a black bear
  3491 | D:4      | Reached XP level 7. HP: 29/60 MP: 5/7
  3728 | D:4      | Noticed Edmund
  3736 | D:4      | Killed Edmund
  3737 | D:4      | Reached skill level 6 in Unarmed Combat
  3792 | D:4      | Found Monaumoebo's Assorted Antiques.
  3829 | D:4      | Bought a fuming silvery potion for 29 gold pieces
  3829 | D:4      | Bought a scroll labelled XENY AL MIDI for 33 gold pieces
  3829 | D:4      | Bought a green potion for 29 gold pieces
  3829 | D:4      | Bought a scroll labelled TUFAAMIRPHOC for 33 gold pieces
  4275 | D:4      | Found Wuem's Assorted Antiques.
  4283 | D:4      | Bought a scroll of identify for 48 gold pieces
  4411 | D:5      | Entered Level 5 of the Dungeon
  4422 | D:5      | Reached XP level 8. HP: 66/67 MP: 6/8
  4563 | D:5      | Reached skill level 5 in Fighting
  4650 | D:5      | Reached *** piety under Okawaru
  4740 | D:5      | Found a staircase to the Ecumenical Temple.
  4833 | D:5      | Found a sparkling altar of Nemelex Xobeh.
  5153 | D:5      | Found a transporter.
  5153 | D:5      | Found a transporter.
  5215 | D:5      | Noticed WaxSun's ghost (novice OgFE)
  5928 | D:6      | Noticed Pikel
  5940 | D:6      | Killed Pikel
  5941 | D:6      | Reached skill level 5 in Armour
  5941 | D:6      | Reached skill level 5 in Stealth
  5941 | D:6      | Reached skill level 7 in Unarmed Combat
  5941 | D:6      | Reached XP level 9. HP: 69/74 MP: 5/10
  6294 | D:6      | Reached **** piety under Okawaru
  7035 | D:7      | Identified the +1 chain mail of Elitism {Str+6}
  7248 | D:7      | Noticed a +0 dagger
  7248 | D:7      | Noticed a +0 dagger
  7249 | D:7      | Found a hide-covered altar of Uskayaw.
  7327 | D:7      | Reached skill level 8 in Unarmed Combat
  7335 | D:7      | Reached ***** piety under Okawaru
  7473 | D:7      | Reached XP level 10. HP: 51/84 MP: 12/12
  7630 | D:7      | Found a shadowy altar of Dithmenos.
  7853 | D:8      | Reached skill level 1 in Shields
  8057 | D:8      | Found a shimmering blue altar of Sif Muna.
  8213 | D:8      | Reached skill level 5 in Invocations
  8965 | D:9      | Noticed a two-headed ogre
  8974 | D:9      | HP: 3/86 [two-headed ogre (14)]
  8975 | D:9      | Killed a two-headed ogre
  8976 | D:9      | Reached skill level 9 in Unarmed Combat
  9325 | D:9      | Found a staircase to the Orcish Mines.
  9465 | D:9      | Found a basalt altar of Yredelemnul.
  9477 | D:9      | Found a shimmering altar of Xom.
  9479 | D:9      | Found a broken altar of Ashenzari.
  9490 | D:9      | Found a snail-covered altar of Cheibriados.
  9490 | D:9      | Found a burning altar of Makhleb.
  9602 | D:9      | Received a gift from Okawaru
 10371 | D:10     | Entered Level 10 of the Dungeon
 10371 | D:10     | Noticed a two-headed ogre
 10371 | D:10     | Noticed a two-headed ogre
 10702 | Orc:1    | Entered Level 1 of the Orcish Mines
 11083 | Orc:1    | Reached XP level 11. HP: 34/92 MP: 4/14
 11370 | Orc:1    | Noticed an orc warlord
 11371 | Orc:1    | Noticed a two-headed ogre
 11371 | Orc:1    | Noticed an orc high priest
 11372 | Orc:1    | Found a transporter.
 11372 | Orc:1    | Noticed an orc high priest
 11374 | Orc:1    | Noticed an orc knight
 11477 | Orc:2    | Entered Level 2 of the Orcish Mines
 12135 | Orc:2    | Noticed a two-headed ogre
 12146 | Orc:2    | Killed a two-headed ogre
 12290 | Orc:2    | Found a staircase to the Elven Halls.
 12310 | Orc:2    | Reached skill level 10 in Unarmed Combat
 12470 | Orc:2    | Noticed a two-headed ogre
 12471 | Orc:2    | Noticed a two-headed ogre
 12471 | Orc:2    | Noticed a two-headed ogre
 12480 | Orc:2    | Killed a two-headed ogre
 12489 | Orc:2    | Noticed a two-headed ogre
 12490 | Orc:2    | Killed a two-headed ogre
 12498 | Orc:2    | Noticed an ogre mage
 12511 | Orc:2    | Noticed a two-headed ogre
 12514 | Orc:2    | Noticed an ogre mage
 12527 | Orc:2    | Mangled by a two-headed ogre

Illustrated notes

Levels and vault maps discovered:
D:1:      dpeg_arrival_tiny_a, layout_basic,
          dreamdust_ecumenical_altar_angels_and_demons,
          minmay_misc_feat_more_columns
D:2:      layout_basic, basic_altar, uniq_sigmund
D:3:      layout_basic, serial_park_tiny_2, st_stairs_7, uniq_terence
D:4:      layout_cave_pools, serial_shops, nicolae_shop_trees,
          nicolae_lakefront_shop, shop_statue, uniq_edmund
D:5:      layout_gridville, nemelex_spade_bored_becter,
          minmay_temple_entry_overgrown, gammafunk_ghost_abyssal_escape
D:6:      layout_loops_ring, uniq_pikel
D:7:      layout_loops_cross, grunt_dithmenos_shadows, dancing_weapons_uskayaw
D:8:      layout_rooms, lemuel_tele_altar, wad_floor_pattern_1,
          corexii_hall_statues_u, minivault_26
D:9:      layout_basic, grunt_temple_overflow_open, orc_0_dummy
D:10:     layout_layer_cave, due_lair_maze_entry_diamond
Orc:1:    gammafunk_beogh_shrine, layout_caves
Orc:2:    st_orc_ogre_mass, layout_diamond_mine, mines2_david

Skill      XL: |  1  2  3  4  5  6  7  8  9 10 11 |
---------------+----------------------------------+-----
Dodging        | 3 4 |  4.6
Armour         | 1 2 3 5 6 7 8 |  8.6
Unarmed Combat | 4 5 6 7 8 9 10 | 10.2
Stealth        | 3 4 5 6 7 8 |  8.0
Invocations    | 1 2 3 4 5 6 |  6.1
Fighting       | 4 5 6 7 8 |  8.0
Shields        | 2 3 |  3.2
Evocations     | |  0.1

Action                   |  1- 3 |  4- 6 |  7- 9 | 10-12 || total
-------------------------+-------+-------+-------+-------++-------
Melee: Unarmed           |   113 |    98 |   288 |   444 ||   943
       Punch             |     2 |     2 |     9 |       ||    13
Invok: Heroism           |     1 |     2 |     5 |    11 ||    19
Evoke: Wand              |       |       |       |     4 ||     4
  Use: Scroll            |     2 |     3 |     7 |     6 ||    18
       Potion            |       |       |     1 |     4 ||     5
 Stab: Sleeping          |       |     3 |       |       ||     3
Armor: Robe              |    12 |    10 |       |       ||    22
       Scale mail        |       |    11 |    68 |       ||    79
       Plate armour      |       |       |    31 |       ||    31
       Chain mail        |       |       |    27 |   312 ||   339
Dodge: Dodged            |    69 |    75 |   109 |   162 ||   415
Block: Kite shield       |       |       |    31 |   256 ||   287
